 Seeded DCSS version 0.26-a0-651-gb41185065b (webtiles) character file.

Game seed: 9774047472488868803 (custom seed)

4 flotson the Skirmisher (level 1, 23/23 HPs)
             Began as a Gnoll Wanderer on Sept 29, 2020.
             Quit the game on level 1 of the Dungeon.
             The game lasted 00:00:40 (150 turns).

flotson the Skirmisher (Gnoll Wanderer)              Turns: 150, Time: 00:00:40

Health: 23/23      AC:  2    Str: 13    XL:     1   Next: 60%
Magic:  6/6        EV: 11    Int: 15    God:
Gold:   5          SH:  0    Dex: 14    Spells: 9/9 levels left

rFire    . . .     SeeInvis .   a - +0 dagger
rCold    . . .     Faith    .   (no shield)
rNeg     . . .     Spirit   .   e - +0 robe
rPois    .         Reflect  .   (no helmet)
rElec    .         Harm     .   (no cloak)
rCorr    .         Rampage  .   (no gloves)
MR       .....                  (no boots)
Stlth    +.........             (no amulet)
HPRegen  0.07/turn              (no ring)
MPRegen  0.10/turn              (no ring)

@: no status effects
A: distributed training, fangs 1, strong nose
a: no special abilities


You were on level 1 of the Dungeon.
You visited 1 branch of the dungeon, and saw 1 of its levels.

You collected 5 gold pieces.

Inventory:

Hand Weapons
 a - a +0 dagger (weapon)
Missiles
 c - 13 poisoned darts (quivered)
Armour
 e - a +0 robe (worn)
Scrolls
 d - a scroll of teleportation {unknown}
Potions
 b - a potion of heal wounds {unknown}


   Skills:
 + Level 6.4 Fighting
 + Level 0.1 Short Blades
 + Level 0.1 Long Blades
 + Level 0.1 Axes
 + Level 0.1 Maces & Flails
 + Level 0.1 Polearms
 + Level 0.1 Staves
 + Level 0.1 Slings
 + Level 0.1 Bows
 + Level 0.1 Crossbows
 + Level 2.4 Throwing
 + Level 0.1 Armour
 + Level 0.1 Dodging
 + Level 0.1 Stealth
 + Level 2.4 Shields
 + Level 0.1 Unarmed Combat
 + Level 4.9 Spellcasting
 + Level 0.1 Conjurations
 + Level 2.0 Hexes
 + Level 0.1 Summonings
 + Level 3.6 Necromancy
 + Level 0.1 Translocations
 + Level 0.1 Transmutations
 + Level 0.1 Fire Magic
 + Level 0.1 Ice Magic
 + Level 0.1 Air Magic
 + Level 0.1 Earth Magic
 + Level 0.1 Poison Magic
 + Level 0.2 Invocations
 + Level 0.1 Evocations


You had 9 spell levels left.
You didn't know any spells.
Your spell library contained the following spells:

 Spells                   Type           Power        Failure   Level
 Slow                     Hex            #.......     11%         2
 Freeze                   Ice            #...         16%         1
 Magic Dart               Conj           #...         16%         1
 Blink                    Tloc           N/A          24%         2
 Call Imp                 Summ           #.......     24%         2
 Conjure Flame            Conj/Fire      #.......     43%         3
 Mephitic Cloud           Conj/Pois/Air  #.......     43%         3
 Ozocubu's Armour         Ice            #.......     43%         3


Dungeon Overview and Level Annotations

Branches:
Dungeon (1/15)

Altars:


Innate Abilities, Weirdness & Mutations

Your experience applies equally to all skills.
You have very sharp teeth.
Your uncanny sense of smell can sniff out nearby items.


Message History

You hit the hobgoblin but do no damage. You bite the hobgoblin.
The hobgoblin is severely wounded.
The hobgoblin hits you but does no damage.
You hit the hobgoblin.
The hobgoblin is almost dead.
The hobgoblin hits you with a +0 club.
You hit the hobgoblin.
You kill the hobgoblin!
Your Hexes skill increases to level 2!
No target in view!
No target in view!
No target in view!
No target in view!
No target in view!
HP restored.
Found fire dragon scales.
No target in view!
A goblin comes into view.
The goblin shouts!
You hear a bark!
Are you sure you want to abandon this character and quit the game? (Confirm with "yes".)

#############
#.......)...#
#.##.####.#.#
#.##.##...#.#
#.##...###..#
#.##..##
##.#####.###
#....##
##.@..[...#
#....#
#........#
##...##
#..##..g.#
#.#..## .#.#
....
#.#.#.###.##.#
#.# #........#
#.# #
###.###### #.#
##.......# #..
#...).##.#


You could see a goblin.

Vanquished Creatures
  A hobgoblin (D:1)
  A goblin (D:1)
  2 kobolds (D:1)
4 creatures vanquished.

Notes
Turn   | Place    | Note
-------+----------+-------------------------------------------
     0 | D:1      | flotson the Gnoll Wanderer began the quest for the Orb.
     0 | D:1      | flotson set off with the following items: a +0 dagger, 13
                  | poisoned darts, a +0 robe; and the following spells
                  | available to memorise: Slow, Freeze, Magic Dart, Blink,
                  | Call Imp, Conjure Flame, Mephitic Cloud, Ozocubu's Armour
     0 | D:1      | Reached XP level 1. HP: 23/23 MP: 6/6
   150 | D:1      | Quit the game

Illustrated notes

Levels and vault maps discovered:
D:1:      eino_arrival_druids_welcome, layout_loops_corners, st_stairs_12

Skill      XL: |  1 |
---------------+----+-----
Hexes          | 2 |  2.0
Fighting       | |  6.4
Short Blades   | |  0.1
Long Blades    | |  0.1
Axes           | |  0.1
Maces & Flails | |  0.1
Polearms       | |  0.1
Staves         | |  0.1
Slings         | |  0.1
Bows           | |  0.1
Crossbows      | |  0.1
Throwing       | |  2.4
Armour         | |  0.1
Dodging        | |  0.1
Stealth        | |  0.1
Shields        | |  2.4
Unarmed Combat | |  0.1
Spellcasting   | |  4.9
Conjurations   | |  0.1
Summonings     | |  0.1
Necromancy     | |  3.6
Translocations | |  0.1
Transmutations | |  0.1
Fire Magic     | |  0.1
Ice Magic      | |  0.1
Air Magic      | |  0.1
Earth Magic    | |  0.1
Poison Magic   | |  0.1
Invocations    | |  0.2
Evocations     | |  0.1

Action                   || total
-------------------------++-------
Melee: Dagger            ||    20
       Bite              ||     5
Armor: Robe              ||     2
Dodge: Dodged            ||    13

Table legend: (Time is in decaauts)
 A = Elapsed time spent in this place.
 B = Non-inter-level travel time spent in this place.
 C = Inter-level travel time spent in this place.
 D = Time resting spent in this place.
 E = Time spent auto-exploring this place.
 F = Levels seen in this place.
 G = Mean time per level.
                   A        B        C        D        E       F      G
               +--------+--------+--------+--------+--------+-----+--------+
         Total |    150 |    150 |      0 |      0 |    111 |   1 |  150.0 |
       Dungeon |    150 |    150 |      0 |      0 |    111 |   1 |  150.0 |
               +--------+--------+--------+--------+--------+-----+--------+

Top non-repeatable levels by time:
     D:1: 150 daAuts
